 Dungeon Crawl Stone Soup version 0.18-a0-596-g6468885 (webtiles) character file.

266 Duffy the Slasher (level 6, 0/39 HPs)
             Began as a High Elf Skald on Dec 3, 2015.
             Was an Initiate of Cheibriados.
             Slain by an iguana (10 damage)
             ... on level 5 of the Dungeon.
             The game lasted 00:04:47 (3947 turns).

Duffy the Slasher (High Elf Skald)                  Turns: 3947, Time: 00:04:47

Health: 0/39       AC:  5    Str: 14    XL:     6   Next: 0%
Magic:  7/10       EV: 12    Int: 18    God:    Cheibriados [......]
Gold:   77         SH:  0    Dex: 15    Spells: 3 memorised, 3 levels left

rFire  . . .     SeeInvis .     a - +0 falchion
rCold  . . .     Clarity  .     b - +0 leather armour
rNeg   . . .     SustAt   .     (no shield)
rPois  .         Gourm    .     (no helmet)
rElec  .         Spirit   .     (no cloak)
rCorr  .         Dismiss  .     g - +0 pair of gloves
rMut   .         Stasis   .     t - +0 pair of boots
MR     .....                    (no amulet)
Stlth  +.........               (no ring)
                                (no ring)

@: very slow, not resistant to hostile enchantments, very unstealthy
A: no striking features
a: Bend Time, Renounce Religion


You were on level 5 of the Dungeon.
You worshipped Cheibriados.
Cheibriados was noncommittal.
You were not hungry.

You visited 1 branch of the dungeon, and saw 5 of its levels.

You collected 77 gold pieces.


   Skills:
 - Level 2.0 Fighting
 + Level 5.8 Long Blades
 - Level 0.8 Armour
 - Level 2.0 Dodging
 - Level 2.5 Spellcasting
 - Level 1.5 Hexes
 - Level 4.5 Charms
 + Level 1.3 Necromancy


You had 3 spell levels left.
You knew the following spells:

 Your Spells              Type           Power        Failure   Level  Hunger
a - Spectral Weapon       Hex/Chrm       ##......     21%         3    ###....
c - Infusion              Chrm           ###...       3%          1    #......
r - Regeneration          Chrm/Necr      ##........   21%         3    ###....

Inventory:

Hand Weapons
 a - a +0 falchion (weapon)
 u - a +1 dagger of venom
 x - a +0 longbow
Missiles
 n - 16 poisoned needles
Armour
 b - a +0 leather armour (worn)
 g - a +0 pair of gloves (worn)
 t - a +0 pair of boots (worn)
Scrolls
 f - a scroll of fear {unknown}
 h - a scroll of immolation {unknown}
 i - 2 scrolls of random uselessness {unknown}
 j - a scroll of blinking {unknown}
 k - a scroll of enchant armour {unknown}
 m - a scroll of magic mapping {unknown}
 o - a scroll of noise {unknown}
 r - 2 scrolls of teleportation {unknown}
 y - a scroll of fog {unknown}
 z - a scroll of identify {unknown}
Potions
 e - a potion of magic {unknown}
 p - a potion of might {unknown}
 s - a potion of heal wounds
 w - a potion of degeneration {unknown}
 A - 2 potions of agility {unknown}
Books
 c - a book of Battle
Comestibles
 d - 5 bread rations
 l - 2 meat rations
 q - a beef jerky
 v - 3 fruits
 B - a chunk of flesh

Dungeon Overview and Level Annotations

Branches:
Dungeon (5/15)             Temple (0/1) D:4

Altars:
Cheibriados
Dithmenos
Gozag
Kikubaaqudgha
Pakellas
Qazlal
Zin


Message History

The iguana completely misses you.
You hit the iguana but do no damage.
The iguana is moderately wounded.
Your spectral weapon barely misses the iguana.
The iguana bites you but does no damage.
You hit the iguana but do no damage.
The iguana is moderately wounded.
Your spectral weapon closely misses the iguana.
The iguana bites you but does no damage.
You closely miss the iguana.
The iguana is lightly wounded.
Your spectral weapon hits the iguana.
The iguana completely misses you.
You closely miss the iguana.
The iguana is moderately wounded.
Your spectral weapon hits the iguana.
The iguana closely misses you.
You closely miss the iguana.
The iguana is moderately wounded.
Your spectral weapon barely misses the iguana.
The iguana bites you but does no damage.
You hit the iguana but do no damage.
The iguana is moderately wounded.
Your spectral weapon hits the iguana.
The iguana bites you.
You hit the iguana but do no damage.
The iguana is moderately wounded.
Your spectral weapon hits the iguana.
The iguana bites you!
You barely miss the iguana.
The iguana is heavily wounded.
Your spectral weapon hits the iguana but does no damage.
The iguana bites you!
You are too injured to fight recklessly!
You are too injured to fight recklessly!
You hit the iguana.
The iguana is severely wounded.
Your spectral weapon hits the iguana.
The iguana bites you!
You die...

###########
#..)......#
#.#######.#
...#####l##
#.....a..
........(@#
#........
..>#####..#
#..$.....
#.<#
#........
#..#
##.......
#..#
.......
#..#
......!
#..# #..#
....


You could see an iguana and a friendly spectral falchion.

Action                   |  1- 3 |  4- 6 || total
-------------------------+-------+-------++-------
Melee: Falchion          |    81 |   193 ||   274
 Cast: Spectral Weapon   |       |     1 ||     1
  Use: Potion            |       |     1 ||     1
  Eat: Chunk             |       |    10 ||    10

Notes
Turn   | Place    | Note
--------------------------------------------------------------
     0 | D:1      | Duffy the High Elf Skald began the quest for the Orb.
     0 | D:1      | Reached XP level 1. HP: 14/14 MP: 4/4
   525 | D:1      | Reached XP level 2. HP: 19/19 MP: 6/6
   582 | D:1      | Reached skill level 3 in Long Blades
   955 | D:2      | Reached skill level 2 in Dodging
   994 | D:2      | Reached XP level 3. HP: 24/24 MP: 7/7
  1095 | D:2      | Noticed Ijyb
  1111 | D:2      | Killed Ijyb
  1111 | D:2      | Reached skill level 4 in Charms
  1121 | D:2      | Reached skill level 4 in Long Blades
  1121 | D:2      | Reached XP level 4. HP: 16/29 MP: 8/8
  1613 | D:2      | Learned a level 3 spell: Regeneration
  1617 | D:2      | Learned a level 3 spell: Spectral Weapon
  1667 | D:2      | Found an opulent altar of Gozag.
  1958 | D:3      | Reached skill level 1 in Hexes
  2451 | D:3      | Reached XP level 5. HP: 19/34 MP: 9/9
  2791 | D:3      | Reached skill level 5 in Long Blades
  3009 | D:3      | Found a stormy altar of Qazlal.
  3009 | D:3      | Found a snail-covered altar of Cheibriados.
  3010 | D:3      | Found an opulent altar of Gozag.
  3010 | D:3      | Found an oddly glowing altar of Pakellas.
  3010 | D:3      | Found a shadowy altar of Dithmenos.
  3018 | D:3      | Found an ancient bone altar of Kikubaaqudgha.
  3019 | D:3      | Found a glowing silver altar of Zin.
  3067 | D:3      | Became a worshipper of Cheibriados the Contemplative
  3555 | D:4      | Found a staircase to the Ecumenical Temple.
  3824 | D:5      | Entered Level 5 of the Dungeon
  3867 | D:5      | Reached skill level 1 in Necromancy
  3936 | D:5      | Reached XP level 6. HP: 36/39 MP: 6/10
  3947 | D:5      | Slain by an iguana

Vault maps used:
D:1:      sevenhm_arrival_forest_fort_large_2, serial_glass, glass_columns_c,
          glass_columns_b, glass_columns_a, glass_columns_b, glass_columns_c,
          glass_columns_a
D:2:      first_bread, grunt_gozag_breadcrumbs, uniq_iyjb
D:3:      grunt_temple_overflow_open
D:4:      minmay_temple_entry_mist, kennysheep_generic_room_9, uniq_robin
D:5:      ashenzari_conservatory_becter, uniq_blork_the_orc, uniq_prince_ribbit1

Vanquished Creatures
  A crimson imp
  A giant frog skeleton Ijyb
  A worker ant
  9 adders
  2 oozes
  2 worms
  A giant gecko
  7 orcs
  6 bats
  7 hobgoblins
  6 kobolds
  A ball python
  3 giant cockroaches
  4 giant newts
  7 goblins
  4 rats
63 creatures vanquished.
